AoeStats
← Okiloki

Arabia

510400762Analyzed
1v1 RM · 2d ago on Sep 30, 2026· 29m 57s· 2 players
Game mode
Random Map
Map size
Tiny (2 player)
Population
200
Speed
Normal
Resources
Standard
Victory
Conquest
Starting age
Dark Age
Ending age
Imperial Age
RankedLock teamsTeams togetherTeam positionsShared explorationLock speedFull tech treeHidden civsTurbo modeCheats
Victory
Defeat
🇺🇸 Huns · United States
1081
+18
🇺🇸 Saxons · United States
1120
-18
Okiloki
7:53 Loom
10:30 Feudal Age
12:50 Double-Bit Axe
21:18 Castle Age
20:19 Bloodlines
20:17 Gold Mining
20:07 Horse Collar
20:15 Horse Collar
22:29 Scale Barding Armor
26:29 Bow Saw
26:26 Heavy Plow
27:02 Gold Shaft Mining
27:25 Chain Barding Armor
29:16 Fletching
bikerboy4444
9:08 Loom
10:54 Feudal Age
11:55 Double-Bit Axe
13:41 Fletching
23:43 Castle Age
22:04 Padded Archer Armor
22:56 Scale Mail Armor
23:46 Crossbowman
23:46 Elite Skirmisher
24:31 Thumb Ring
23:54 Pikeman
25:39 Bodkin Arrow
28:35 Wheelbarrow
28:20 Chain Mail Armor
Connection lost

Rejoining the realm…

Still unreachable

The connection could not be restored.

Session expired

The server has moved on; the page needs a fresh start.